 Dungeon Crawl Stone Soup version 0.19.0-2-gae57169 (webtiles) character file.

249 cedor the Charlatan (level 5, -3/35 HPs)
             Began as a High Elf Artificer on Nov 5, 2016.
             Killed by nerve-wracking pain
             ... invoked by an orc priest
              (9 damage)
             ... on level 3 of the Dungeon.
             The game lasted 00:13:08 (4004 turns).

cedor the Charlatan (High Elf Artificer)            Turns: 4004, Time: 00:13:09

Health: -3/35      AC:  4    Str: 11      XL:     5   Next: 87%
Magic:  8/8        EV: 13    Int: 14      God:
Gold:   105        SH:  0    Dex: 16 (17) Spells: 0 memorised, 4 levels left

rFire  . . .     SeeInvis .     a - +0 short sword
rCold  . . .     Gourm    .     b - +0 leather armour
rNeg   . . .     Faith    .     (no shield)
rPois  .         Spirit   .     (no helmet)
rElec  .         Reflect  .     n - +0 cloak
rCorr  .         Harm     .     (no gloves)
MR     .....                    (no boots)
Stlth  ++........               (no amulet)
                                (no ring)
                                (no ring)

@: no status effects
A: no striking features
a: no special abilities


You were on level 3 of the Dungeon.
You were not hungry.

You visited 1 branch of the dungeon, and saw 3 of its levels.

You collected 105 gold pieces.


   Skills:
 + Level 2.6 Fighting
 + Level 3.0 Short Blades
 + Level 3.6 Dodging
 + Level 3.4 Stealth
 + Level 3.9 Evocations


You had 4 spell levels left.
You didn't know any spells.

Inventory:

Hand Weapons
 a - a +0 short sword (weapon)
Missiles
 l - 73 stones (quivered)
Armour
 b - a +0 leather armour (worn)
 n - a +0 cloak (worn)
Jewellery
 h - a +4 ring of strength {unknown}
 o - a +6 ring of strength {unknown}
Wands
 c - a wand of flame (0/48)
 d - a wand of enslavement (20/24)
 e - a wand of random effects (0/48)
Scrolls
 j - 3 scrolls of identify {unknown}
 q - a scroll of blinking {unknown}
Potions
 g - a potion of ambrosia {unknown}
 i - a potion of magic {unknown}
 k - a potion of might {unknown}
 m - a potion of curing {unknown}
Comestibles
 f - a bread ration

Dungeon Overview and Level Annotations

Branches:
Dungeon (3/15)

Altars:

▒...▒▒▒............▒▒..▒▒..▒▒.▒
▒........▒▒.........▒▒..[▒..▒.▒
▒...▒....▒▒...........▒▒..).▒..
▒...▒....▒▒........▒▒.▒▒▒▒.....
▒...▒▒▒.▒▒▒........▒▒.▒ ▒▒▒..▒
▒...▒ ▒)▒▒▒........▒▒.. ▒.▒
▒▒▒.▒ ▒............▒▒▒.▒ ..
▒▒.▒▒▒.......o....▒ .. ..
▒.......▒....e....▒ ▒▒▒ .
▒.......▒▒▒...▒▒▒▒▒ ▒.......▒
▒▒..▒ ▒......<▒ ▒..▒▒ ▒.....).▒
▒...▒ ▒▒▒▒▒▒▒▒▒ ▒▒▒▒▒


You could see an orc priest.


Message History

You hit the orc priest but do no damage.
The orc priest misses you.
You hit the orc priest but do no damage.
The orc priest misses you.
You hit the orc priest.
The orc priest is lightly wounded.
The orc priest completely misses you.
You barely miss the orc priest.
The orc priest is lightly wounded.
The orc priest mumbles some strange prayers to Beogh against you.
Pain shoots through your body!
You hit the orc priest.
The orc priest is lightly wounded.
The orc priest mumbles some strange prayers to Beogh against you.
Beogh smites you!
* * * LOW HITPOINT WARNING * * *
You hit the orc priest.
The orc priest is heavily wounded.
You hit the orc priest but do no damage.
The orc priest is heavily wounded.
The orc priest misses you.
You hit the orc priest.
The orc priest is severely wounded.
The orc priest hits you with a whip.
* * * LOW HITPOINT WARNING * * *
You hit the orc priest.
The orc priest is severely wounded.
The orc priest calls down the wrath of Beogh upon you.
Pain shoots through your body!
You die...

Action                   |  1- 3 |  4- 6 || total
-------------------------+-------+-------++-------
Melee: Short sword       |   121 |   234 ||   355
Throw: Stone             |       |    11 ||    11
Evoke: Wand              |    11 |    25 ||    36
  Use: Scroll            |       |     1 ||     1
 Stab: Sleeping          |     1 |     2 ||     3
       Confused          |     2 |       ||     2
  Eat: Chunk             |     1 |     5 ||     6
       Bread ration      |       |     1 ||     1
Armor: Leather armour    |    37 |    80 ||   117
Dodge: Dodged            |    78 |   201 ||   279

Vault maps used:
D:1:      grunt_arrival_crossed_arrows, minmay_tromino_v2
D:2:      first_bread
D:3:      kennysheep_goblin_castle, lexackson_kobold_supper

Notes
Turn   | Place    | Note
-------+----------+-------------------------------------------
     0 | D:1      | cedor the High Elf Artificer began the quest for the Orb.
     0 | D:1      | Reached XP level 1. HP: 13/13 MP: 4/4
   244 | D:1      | Reached skill level 2 in Short Blades
   289 | D:1      | Reached XP level 2. HP: 4/18 MP: 5/5
   720 | D:2      | Reached XP level 3. HP: 24/24 MP: 6/6
   969 | D:2      | Reached skill level 2 in Stealth
   998 | D:2      | Reached skill level 2 in Fighting
  1186 | D:2      | Reached XP level 4. HP: 12/29 MP: 7/7
  2156 | D:2      | HP: 2/29 [poisoned by an adder]
  2164 | D:2      | HP: 1/29 [poisoned by an adder]
  2743 | D:3      | Reached skill level 3 in Dodging
  2951 | D:3      | Reached XP level 5. HP: 35/35 MP: 8/8
  2988 | D:3      | Reached skill level 3 in Stealth
  3059 | D:3      | HP: 1/35 [orc priest/divine providence (15)]
  3613 | D:3      | Reached skill level 3 in Short Blades
  4004 | D:3      | Killed from afar by an orc priest

Vanquished Creatures
  An orc priest (D:3)
  2 gnolls
  5 adders
  2 oozes (D:2)
  4 worms
  2 dart slugs (D:2)
  2 leopard geckos
  2 orcs (D:3)
  11 bats
  4 giant cockroaches
  4 goblins
  3 hobgoblins
  A quokka (D:2)
  5 frilled lizards
  8 kobolds
  10 rats
66 creatures vanquished.

Vanquished Creatures (collateral kills)
  An orc wizard (D:3)
  3 gnolls
  An adder (D:3)
  A worm (D:3)
  A dart slug (D:3)
  A jackal (D:3)
  A kobold (D:3)
9 creatures vanquished.

Vanquished Creatures (others)
  A jelly (D:3)
  A gnoll (D:2)
  A jackal (D:1)
  4 kobolds
  A plant (D:3)
8 creatures vanquished.

Grand Total: 83 creatures vanquished
